 Dungeon Crawl Stone Soup version 0.27.0-1-g7a089689b8 (webtiles) character file.

Game seed: 9369038641459313202

3 robertstho the Magician (level 1, 0/15 HPs)
             Began as a Djinni Fire Elementalist on Aug 9, 2021.
             Slain by a jackal (3 damage)
             ... on level 1 of the Dungeon.
             The game lasted 00:00:19 (290 turns).

robertstho the Magician (Djinni Fire Elementalist)   Turns: 290, Time: 00:00:20

Health: 0/15       AC:  2    Str:  7    XL:     1   Next: 55%
Gold:   16         EV: 12    Int: 16    God:
                   SH:  0    Dex: 13

rFire    + + .     SeeInvis .   (no weapon)
rCold    x . .     Faith    .   (no shield)
rNeg     . . .     Spirit   .   a - +0 robe
rPois    ∞         Reflect  .   (no helmet)
rElec    .         Harm     .   (no cloak)
rCorr    .         Rampage  .   (no gloves)
Will     .....                  (boots unavailable)
Stlth    ++........             (no amulet)
HPRegen  0.05/turn              (no ring)
MPRegen  0.00/turn              (no ring)

@: flying, very slightly contaminated
A: sickness immunity, fire resistance 2, cold vulnerability 1, float, innate
caster, hp casting, extra vitality 1
a: no special abilities


You were on level 1 of the Dungeon.
You visited 1 branch of the dungeon, and saw 1 of its levels.

You collected 16 gold pieces.

Inventory:

Armour
 a - a +0 robe (worn)
Scrolls
 b - a scroll of brand weapon {unknown}
Potions
 c - a potion of cancellation {unknown}


   Skills:
 + Level 2.2 Dodging
 + Level 1.5 Stealth
 * Level 2.5 Spellcasting


You couldn't memorise any spells.
You knew the following spells:

 Your Spells              Type           Power      Damage    Failure   Level
a - Foxfire               Conj/Fire      40%        2x1d6     7%          1
b - Conjure Flame         Conj/Fire      10%        6-21      21%         3
c - Inner Flame           Hex/Fire       10%        N/A       21%         3
d - Sticky Flame          Conj/Fire      10%        2d3       56%         4
e - Fireball              Conj/Fire      5%         3d5       88%         5
Your spell library was empty.

Dungeon Overview and Level Annotations

Branches:
Dungeon (1/15)

Altars:


Innate Abilities, Weirdness & Mutations

You are immune to sickness and miasma.
You are immune to poison.
Your flesh is very heat resistant. (rF++)
You are vulnerable to cold. (rC-)
You float through the air rather than walking.
You learn spells naturally, not from books.
Your magical power is your life essence.
You have superior vitality. (+4 HP)


Message History

A jackal is nearby!
Casting: Foxfire (safe; 7% risk of failure)
Press: ? - help, Q - select action Dir - look around, f - activate You conjure some foxfire!
Casting: Foxfire (safe; 7% risk of failure)
Press: ? - help, Q - select action Dir - look around, f - activate You miscast Foxfire.
You are very lightly contaminated with residual magic.
Nothing appears to happen.
The foxfire hits the jackal.
The jackal is severely wounded.
The jackal barks! 2 jackals come into view.
The jackal barks! x2
You barely miss the jackal.
The jackal is heavily wounded.
The jackal bites you but does no damage.
Casting: Foxfire (safe; 7% risk of failure)
Press: ? - help, Q - select action Dir - look around, f - activate You miscast Foxfire.
Nothing appears to happen.
The jackal bites you.
The jackal bites you but does no damage.
The jackal closely misses you.
Casting: Foxfire (safe; 7% risk of failure)
Press: ? - help, Q - select action Dir - look around, f - activate You conjure some foxfire!
The jackal closely misses you. The jackal bites you.
The jackal closely misses you.
Unknown command.
Casting: Foxfire (safe; 7% risk of failure)
Press: ? - help, Q - select action Dir - look around, f - activate You conjure some foxfire!
The foxfire hits the jackal.
The jackal is severely wounded.
The jackal closely misses you.
The foxfire hits the jackal.
The jackal is almost dead.
The jackal barely misses you. The jackal bites you.
* * * LOW HITPOINT WARNING * * *
The jackal barely misses you. The jackal bites you.
You die...

................
####.#.#...........
..................#
##........#.......#
#####.....#.#.....#
### ##......#....†#
..##
##...###.....##
...## #...#
#..hhh.## ≈...#
#...# #...@v..#
≈≈..####..#
##.§§v..# .≈...#
#..# #†#.#..#
.≈≈..# #..#
#......# .≈≈..#
#..# #.#.#.##
.≈≈..# #..##
#.....# .≈...#
#...# #.#####
≈≈..####.#.# #.#
≈...# #..#.###§###


You could see 3 jackals.

Vanquished Creatures
  An endoplasm (D:1)
  A jackal (D:1)
  A rat (D:1)
3 creatures vanquished.

Vanquished Creatures (others)
  18 foxfires (D:1)
18 creatures vanquished.

Grand Total: 21 creatures vanquished

Notes
Turn   | Place    | Note
-------+----------+-------------------------------------------
     0 | D:1      | robertstho the Djinni Fire Elementalist began the quest for
                  | the Orb.
     0 | D:1      | Reached XP level 1. HP: 15/15 MP: 0/0
   290 | D:1      | Slain by a jackal

Illustrated notes

Levels and vault maps discovered:
D:1:      dpeg_arrival_concentric_ovals, layout_basic,
          hellmonk_ecumenical_altar_leap_of_faith, serial_glass,
          glass_columns_a, glass_columns_b, glass_columns_a, glass_columns_a,
          due_unseen_surprise, feat_on_display, feat_on_display,
          item_on_display_a, corexii_hall_statues_s

Action                   || total
-------------------------++-------
Melee: Unarmed           ||     1
 Cast: Foxfire           ||    13
Armor: Robe              ||     2
Dodge: Dodged            ||     6
